 Dungeon Crawl Stone Soup version 0.27.1-33-g824d729ab1 (webtiles) character file.

Game seed: 14251907283766327613

701 sking99 the Ruffian (level 7, -13/70 HPs)
             Began as a Troll Monk on Dec 9, 2021.
             Mangled by an ogre (16 damage)
             ... on level 6 of the Dungeon.
             The game lasted 00:07:07 (3793 turns).

sking99 the Ruffian (Troll Monk)                    Turns: 3793, Time: 00:07:08

Health: -13/70     AC:  4    Str: 17    XL:     7   Next: 38%
Magic:  6/6        EV:  8    Int:  6    God:
Gold:   216        SH:  0    Dex:  9    Spells: 6/6 levels left

rFire    + . .     SeeInvis .     - Unarmed
rCold    x . .     Faith    .   b - +3 kite shield {rPois}
rNeg     . . .     Spirit   .   a - +0 robe
rPois    +         Reflect  .   (helmet restricted)
rElec    +         Harm     .   (no cloak)
rCorr    .         Rampage  .   (gloves unavailable)
Will     .....                  (boots unavailable)
Stlth    +.........             (no amulet)
HPRegen  1.21/turn              o - ring "Lasiwyi" {Fire rElec rPois Str-5 Dex-3}
MPRegen  0.10/turn              (no ring)

@: confused, lethally poisoned (-13 -> -14), ambrosia-drunk
A: large, unfitting armour, claws 3, regeneration 1, shaggy fur 1, tough skin 1
a: no special abilities


You were on level 6 of the Dungeon.
You visited 1 branch of the dungeon, and saw 6 of its levels.

You collected 216 gold pieces.

Inventory:

Missiles
 n - a throwing net (quivered)
Armour
 a - a +0 robe (worn)
 b - a +3 kite shield of poison resistance (worn)
Jewellery
 j - a ring of wizardry
 o - the ring "Lasiwyi" (left claw) {Fire rElec rPois Str-5 Dex-3}
   (You found it on level 5 of the Dungeon)

   [ring of fire]

   It enhances your fire magic.
   Str:       It affects your strength (-5).
   Dex:       It affects your dexterity (-3).
   rF:        It protects you from fire.
   rC:        It makes you vulnerable to cold.
   rElec:     It insulates you from electricity.
   rPois:     It protects you from poison.
Wands
 l - a wand of iceblast (14)
Scrolls
 g - a scroll of torment {unknown}
 k - a scroll of magic mapping
 m - a scroll of amnesia
 p - a scroll of enchant armour
 r - a scroll of enchant weapon
 s - a scroll of fear {unknown}
Potions
 c - 2 potions of ambrosia
 d - a potion of attraction {unknown}
 e - 2 potions of might {unknown}
 f - 2 potions of brilliance
 h - a potion of flight {unknown}
 i - a potion of mutation {unknown}
 q - a potion of degeneration {unknown}


   Skills:
 + Level 4.1 Fighting
 - Level 3.1 Dodging
 - Level 1.0 Stealth
 + Level 2.3 Shields
 * Level 6.5 Unarmed Combat


You had 6 spell levels left.
You didn't know any spells.
Your spell library contained the following spells:

 Spells                   Type           Power      Damage    Failure   Level
 Freeze                   Ice            0%         1d3       91%         1
 Slow                     Hex            0%         N/A       97%         2
 Confusing Touch          Hex            0%         N/A       99%         3
 Conjure Flame            Conj/Fire      0%         6-21      99%         3
 Frozen Ramparts          Ice            0%         1d2       99%         3
 Ignite Poison            Fire/Tmut/Pois 0%         N/A       99%         3
 Swiftness                Air            0%         N/A       99%         3
 Airstrike                Air            0%         N/A       100%        4
 Hailstorm                Conj/Ice       0%         3d3       100%        4
 Sticky Flame             Conj/Fire      0%         2d3       100%        4
 Alistair's Intoxication  Tmut/Pois      0%         N/A       100%        5
 Yara's Violent Unravell  Hex/Tmut       0%         3d3       100%        5


Dungeon Overview and Level Annotations

Branches:
Dungeon (6/15)
 Temple: D:4-7

Altars:
Ashenzari
Cheibriados
Nemelex Xobeh
Trog
Vehumet


Innate Abilities, Weirdness & Mutations

You are too large for most types of armour.
You have claws for hands.
Your natural rate of healing is unusually fast.
You are covered in fur. (AC +1)
You have tough skin. (AC +1)


Message History

Deactivating autopickup; reactivate with Ctrl-A.
The ogre hits you with a +0 giant spiked club.
The orc wizard barely misses you.
You scratch the orc.
The orc is moderately wounded.
The orc hits you but does no damage. Something hits you.
You are poisoned.
The orc wizard hits you but does no damage.
The ogre hits you with a +0 giant spiked club.
You bump into the rock wall.
You feel sick. The orc hits you but does no damage. Something hits you.
The orc wizard hits you but does no damage.
The ogre hits you with a +0 giant spiked club.
You bump into the rock wall.
You feel sick. Something hits you. The orc hits you but does no damage.
The orc wizard casts a spell at you.
The magic dart hits you but does no damage.
You miss something.
You feel less confused.
You feel sick.
The ogre hits you with a +0 giant spiked club!!
* * * LOW HITPOINT WARNING * * *
The orc hits you but does no damage. Something hits you but does no damage.
You block the orc wizard's attack.
Unknown command.
You closely miss something.
You feel sick. You block the orc's attack. Something hits you.
* * * LOW HITPOINT WARNING * * *
The ogre closely misses you. The orc wizard misses you.
You are confused.
You feel invigorated.
You feel sick. The orc hits you with a +0 hand axe.
* * * LOW HITPOINT WARNING * * *
You hear some strange, mumbled words.
A magic dart appears from out of thin air!
The magic dart hits you!
* * * LOW HITPOINT WARNING * * *
The orc wizard hits you with a +0 dagger.
* * * LOW HITPOINT WARNING * * *
The ogre hits you with a +0 giant spiked club!
You die...

#... #...##. #...#
#.####. #..[# #.# #.
####...########.# #.
.......†.......># #.
#.##.....#...##.####.
#.....#)........#....
######O#.####.####.###
#...{@o.../...# #.#.#
#.####o#.###### #....
...#.# ###.# #####..
#.# #... #<# #.... ###
#...O. .....#


You could see an ogre, an orc wizard and an orc.

Vanquished Creatures
  An ice beast (D:5)
  A centaur (D:5)
  2 phantoms (D:5)
  A bullfrog zombie (D:3)
  3 hounds
  2 iguanas
  A killer bee zombie (D:5)
  7 gnolls
  2 adders
  A shadow imp (D:5)
  2 ufetubi (D:5)
  An adder zombie (D:5)
  3 worms
  2 dart slugs
  5 orcs
  9 ball pythons
  9 endoplasms
  2 giant cockroaches
  4 goblins
  7 hobgoblins
  4 jackals (D:5)
  7 quokkas
  4 bats
  4 frilled lizards
  3 kobolds
  3 rats
90 creatures vanquished.

Notes
Turn   | Place    | Note
-------+----------+-------------------------------------------
     0 | D:1      | sking99 the Troll Monk began the quest for the Orb.
     0 | D:1      | Reached XP level 1. HP: 22/22 MP: 0/0
   124 | D:1      | Reached XP level 2. HP: 29/29 MP: 1/1
   861 | D:2      | Reached XP level 3. HP: 32/36 MP: 2/2
   974 | D:2      | Found a faded altar of an unknown god.
  1021 | D:2      | Reached skill level 4 in Unarmed Combat
  1178 | D:1      | Reached XP level 4. HP: 26/44 MP: 3/3
  1530 | D:3      | Found a bloodstained altar of Trog.
  1562 | D:3      | Found a broken altar of Ashenzari.
  1674 | D:3      | Found a sparkling altar of Nemelex Xobeh.
  1880 | D:3      | Reached XP level 5. HP: 53/53 MP: 4/4
  2089 | D:4      | Identified a scroll of acquirement
  2089 | D:4      | Acquired a +2 kite shield of poison resistance
  2188 | D:4      | Found a radiant altar of Vehumet.
  2474 | D:4      | Got the Reference Book on Aerial Contamination
  2753 | D:5      | Entered Level 5 of the Dungeon
  2772 | D:5      | Reached skill level 5 in Unarmed Combat
  2873 | D:5      | Noticed a centaur
  2878 | D:5      | Killed a centaur
  2879 | D:5      | Reached skill level 1 in Shields
  2879 | D:5      | Reached XP level 6. HP: 58/61 MP: 5/5
  3209 | D:5      | Reached skill level 6 in Unarmed Combat
  3233 | D:5      | Noticed an ice beast
  3246 | D:5      | Killed an ice beast
  3247 | D:5      | Reached XP level 7. HP: 61/68 MP: 6/6
  3554 | D:5      | Identified the ring "Lasiwyi" {Fire rElec rPois Str-5
                  | Dex-3}
  3659 | D:5      | Found a snail-covered altar of Cheibriados.
  3793 | D:6      | HP: 3/70 [orc wizard (1)]
  3793 | D:6      | Mangled by an ogre

Illustrated notes

Levels and vault maps discovered:
D:1:      matt_arrival_diagonals, layout_loops_ring, minmay_misc_feat_room,
          st_stairs_12
D:2:      layout_rooms, dreamdust_ecumenical_altar_angels_and_demons
D:3:      layout_loops_cross, trog_book, nemelex_xobeh_ov_fountains_minmay,
          evilmike_ruin_ashenzari
D:4:      layout_loops_ring, nicolae_overflow_crystal_walls
D:5:      minmay_clustersquares, layout_loops_ring, cheibrodos_worm_habitat,
          minivault_25
D:6:      layout_basic, lemuel_crystal_altar, jmf_multi_god_temple2,
          minmay_temple_entry_grid, minmay_fractal_squares_5

Skill      XL: |  1  2  3  4  5  6  7 |
---------------+----------------------+-----
Unarmed Combat | 4 5 6 |  6.5
Fighting       | 3 4 |  4.1
Dodging        | 3 |  3.1
Shields        | 1 2 |  2.3
Stealth        | |  1.0

Action                   |  1- 3 |  4- 6 |  7- 9 || total
-------------------------+-------+-------+-------++-------
Melee: Unarmed           |   107 |   137 |    59 ||   303
       Punch             |     2 |     1 |       ||     3
  Use: Scroll            |       |    10 |       ||    10
       Potion            |       |       |     1 ||     1
 Stab: Sleeping          |     3 |     6 |       ||     9
Armor: Robe              |    30 |    35 |    25 ||    90
Dodge: Dodged            |    60 |    69 |    20 ||   149
Block: Kite shield       |       |    43 |    40 ||    83
